Map: Dusk Towers

Players

KAki

  • Race: Protoss Protoss
  • League: Gold

Frozzen - Winner!

  • Race: Zerg Zerg
  • League: Gold

VOD

Have the link to the VOD?

Description

Time

  • Played on: Nov. 16, 2015, 4:24 p.m.
  • Length: 10:52
Show
View Real Time Build Order
Export as new Build Order

KAki Protoss 

Build Orders:  

Get SALT Encoding   

  12  0:01  Probe (Chrono Boost)  
  13  0:11  Probe (Chrono Boost)  
  14  0:20  Pylon  
  14  0:23  Probe (Chrono Boost)  
  15  0:38  Probe (Chrono Boost)  
  16  0:46  Gateway  
  16  0:49  Probe (Chrono Boost)  
  17  0:52  Assimilator  
  17  0:58  Assimilator  
  17  0:59  Probe (Chrono Boost)  
  18  1:10  Probe (Chrono Boost)  
  19  1:20  Probe (Chrono Boost)  
  20  1:29  Pylon  
  20  1:31  Probe (Chrono Boost)  
  21  1:42  Probe (Chrono Boost)  
  21  1:46  Cybernetics Core  
  22  1:52  Probe (Chrono Boost)  
  23  2:05  Nexus  
  22  2:13  Probe (Chrono Boost)  
  23  2:23  Sentry, Pylon, Warp Gate  
  23  2:27  Probe (Chrono Boost)  
  26  2:39  Probe (Chrono Boost)  
  27  2:44  Gateway  
  27  2:51  Gateway  
  27  2:54  Sentry  
  22  3:13  Probe (Chrono Boost)  
  23  3:21  Sentry  
  23  3:24  Probe (Chrono Boost)  
  26  3:27  Probe (Chrono Boost)  
  27  3:35  Sentry, Probe (Chrono Boost)  
  27  3:38  Probe (Chrono Boost)  
  33  3:41  Sentry  
  33  3:45  Probe (Chrono Boost)  
  34  3:48  Probe (Chrono Boost)  
  34  3:54  Zealot  
  37  4:00  Probe (Chrono Boost)  
  37  4:01  Probe (Chrono Boost)  
  39  4:10  Probe (Chrono Boost)  
  39  4:11  Probe (Chrono Boost)  
  41  4:21  Probe (Chrono Boost)  
  41  4:22  Probe (Chrono Boost)  
  43  4:30  Zealot  
  43  4:31  Probe (Chrono Boost), Zealot  
  48  4:32  Probe (Chrono Boost)  
  49  4:41  Robotics Facility  
  49  4:42  Probe (Chrono Boost)  
  49  4:43  Probe (Chrono Boost)  
  49  4:44  Assimilator  
  51  4:47  Pylon  
  51  4:51  Assimilator  
  51  4:52  Stalker, Probe (Chrono Boost)  
  54  4:59  Pylon  
  54  5:05  Probe x2 (Chrono Boost)  
  56  5:16  Probe x2 (Chrono Boost)  
  58  5:23  Stalker x2  
  58  5:26  Probe (Chrono Boost)  
  63  5:30  Observer (Chrono Boost)  
  64  5:36  Probe  
  64  5:37  Forge  
  64  5:38  Probe, Forge  
  66  5:49  Observer (Chrono Boost)  
  65  5:50  Probe x2  
  67  6:01  Probe  
  67  6:02  Probe  
  69  6:10  Pylon  
  69  6:11  Probe  
  69  6:13  Pylon  
  70  6:21  Nexus, Pylon  
  70  6:23  Pylon  
  70  6:28  Probe  
  71  6:33  Stalker, Gateway  
  71  6:34  Stalker  
  71  6:36  Photon Cannon  
  71  6:37  Photon Cannon  
  75  6:41  Mothership Core  
  75  6:42  Stalker  
  79  6:59  Protoss Ground Weapons Level 1  
  79  7:00  Protoss Ground Armor Level 1  
  79  7:04  Robotics Bay  
  79  7:14  Stalker x3  
  79  7:15  Probe  
  85  7:16  Probe  
  85  7:21  Warp Prism (Chrono Boost)  
  88  7:28  Probe  
  89  7:33  Gateway  
  89  7:34  Probe  
  89  7:35  Photon Cannon  
  89  7:36  Probe  
  90  7:39  Stalker x3  
  95  7:53  Twilight Council  
  87  7:58  Stalker  
  89  8:07  Sentry x3  
  95  8:14  Colossus (Chrono Boost)  
  101  8:20  Assimilator  
  101  8:24  Assimilator  
  96  8:29  Zealot  
  82  8:34  Stalker x3  
  84  8:44  Probe  
  85  8:51  Extended Thermal Lance  
  85  8:52  Gateway  
  85  8:53  Gateway  
  85  8:55  Probe  
  85  9:00  Stalker x2, Pylon  
  85  9:01  Colossus (Chrono Boost)  
  85  9:02  Pylon  
  96  9:04  Stalker  
  96  9:08  Probe  
  98  9:10  Probe  
  100  9:23  Zealot x4  
  108  9:28  Sentry  
  65  9:45  Sentry  
  65  9:46  Sentry x2  
  65  9:47  Colossus (Chrono Boost)  
  74  9:56  Stalker x3  
  69  10:04  Gateway  
  69  10:06  Gateway, Probe  
  69  10:08  Probe  
  69  10:10  Stalker  
  69  10:11  Stalker, Gateway  
  70  10:37  Probe  
Show
View Real Time Build Order
Export as new Build Order

Frozzen Zerg - Winner!

Build Orders: Hatch First 

Get SALT Encoding   

  12  0:01  Drone  
  13  0:13  Overlord  
  13  0:18  Drone  
  14  0:31  Drone x2  
  16  0:48  Hatchery  
  15  0:52  Drone  
  15  0:55  Drone  
  17  0:59  Drone  
  18  1:13  Spawning Pool  
  18  1:16  Drone  
  18  1:24  Overlord  
  18  1:28  Drone  
  19  1:59  Queen  
  19  2:00  Zergling x4  
  19  2:01  Queen, Zergling x2  
  24  2:02  Zergling x2  
  24  2:06  Extractor  
  26  2:12  Drone x2  
  28  2:22  Drone x2  
  30  2:34  Drone x2  
  32  2:37  Queen  
  32  2:43  Overlord  
  34  2:50  Drone  
  35  2:54  Drone  
  36  2:59  Overlord  
  35  3:07  Drone x2  
  35  3:08  Drone x3  
  35  3:10  Drone x3  
  40  3:16  Lair  
  40  3:22  Drone x2  
  40  3:23  Extractor  
  41  3:28  Overlord  
  41  3:35  Drone  
  41  3:37  Extractor  
  41  3:40  Drone  
  41  3:41  Evolution Chamber, Drone  
  43  3:46  Drone x3  
  45  3:51  Drone x4  
  45  3:54  Drone  
  50  4:02  Overlord  
  50  4:05  Drone  
  50  4:08  Spore Crawler  
  50  4:09  Zerg Missile Weapons Level 1  
  50  4:15  Zergling x4  
  52  4:20  Drone x2  
  52  4:21  Drone, Hydralisk Den  
  54  4:34  Extractor  
  54  4:36  Drone  
  54  4:37  Overlord x2  
  54  4:50  Overseer  
  54  4:51  Hatchery  
  53  4:55  Hydralisk, Muscular Augments  
  53  4:56  Hydralisk x3  
  61  5:11  Hatchery  
  61  5:12  Drone x3  
  61  5:13  Hydralisk  
  61  5:14  Hydralisk  
  66  5:28  Roach Warren  
  65  5:35  Hydralisk  
  65  5:37  Hydralisk x5  
  77  5:49  Hydralisk  
  77  5:52  Drone  
  77  5:53  Drone  
  81  6:02  Hatchery  
  80  6:05  Zerg Ground Armor Level 1  
  80  6:06  Lurker Den  
  80  6:13  Drone  
  80  6:14  Drone x6  
  80  6:16  Extractor  
  86  6:19  Extractor  
  85  6:25  Spore Crawler  
  85  6:29  Glial Reconstitution  
  85  6:31  Roach x4  
  92  6:37  Drone  
  92  6:38  Drone x2  
  95  6:40  Drone  
  95  6:42  Overlord  
  96  6:51  Overlord x3  
  96  7:07  Drone x2  
  98  7:10  Drone x3, Infestation Pit  
  98  7:11  Drone x2  
  98  7:12  Drone  
  103  7:16  Roach  
  103  7:17  Roach x5  
  114  7:29  Roach x2  
  122  7:30  Roach x4  
  122  7:31  Ravager x3  
  122  7:32  Ravager  
  122  7:33  Roach  
  130  7:41  Drone x3  
  122  8:04  Roach x7  
  122  8:05  Roach x2  
  134  8:13  Overlord x2  
  134  8:14  Overlord x2  
  134  8:25  Spine Crawler  
  131  8:29  Zerg Missile Weapons Level 2  
  131  8:30  Hive  
  131  8:31  Pathogen Glands  
  131  8:33  Hydralisk x7  
  126  8:39  Roach x3  
  124  8:45  Drone  
  124  8:48  Hydralisk x4  
  133  8:55  Hydralisk x2  
  133  8:56  Hydralisk  
  133  8:59  Ravager  
  133  9:00  Zergling x4  
  133  9:01  Zergling x4  
  144  9:04  Metabolic Boost  
  144  9:13  Drone  
  144  9:17  Extractor  
  139  9:33  Zergling x2  
  139  9:34  Zergling x14  
  126  9:43  Roach  
  126  9:44  Roach x7, Queen  
  126  9:45  Hydralisk  
  134  9:46  Hydralisk x5  
  137  10:05  Roach  
  137  10:06  Roach x7  
Tags
 
League
GoldGold
Matchup
PvZ
Replay Pack
21-11-15
Add a new tag
Caveats
  • Supply blocks, unpowered buildings, or Contaminate may cause inaccurate times.
  • Supply counts are checked every 10 seconds.